 Dungeon Crawl Stone Soup version 0.30-a0-305-g026cb31310 (webtiles) character file.

Game seed: 7683365697469970125

3965 PigKeeper the Slicer (level 10, -8/53 HPs)
             Began as a Tengu Gladiator on Oct 22, 2022.
             Was a Believer of Uskayaw.
             Mangled by Gastronok (24 damage)
             ... on level 9 of the Dungeon on Oct 23, 2022.
             The game lasted 00:47:34 (7001 turns).

PigKeeper the Slicer (Tengu Gladiator)              Turns: 7001, Time: 00:47:34

Health: -8/53      AC: 12    Str: 15    XL:     10   Next: 22%
Magic:  7/11       EV: 16    Int:  8    God:    Uskayaw [**....]
Gold:   464        SH:  0    Dex: 20    Spells: 9/9 levels left

rFire   . . .      SeeInvis .    b - +2 short sword (venom)
rCold   . . .      Faith    .    (no shield)
rNeg    + . .      Spirit   .    t - +0 leather armour
rPois   .          Reflect  .    D - +2 hat
rElec   .          Harm     .    E - +2 cloak
rCorr   .          Rampage  .    (no gloves)
Will    .....                    (boots unavailable)
Stlth   ++........               (no amulet)
HPRegen 0.28/turn                N - ring of positive energy
MPRegen 0.12/turn                O - +4 ring of protection

@: flying quickly and evasively, slowed, very slow
A: beak, talons 3, nimble flight
a: Renounce Religion, Stomp, Line Pass


You were on level 9 of the Dungeon.
You worshipped Uskayaw.
Uskayaw was noncommittal.
You visited 2 branches of the dungeon, and saw 10 of its levels.

You collected 518 gold pieces.
You spent 54 gold pieces at shops.


Innate Abilities, Weirdness & Mutations

You have a beak for a mouth.
You have claws for feet.
Your magical nature lets you fly swiftly and evasively.


   Skills:
 - Level 2.0 Fighting
 - Level 10.6(11.3) Short Blades
 - Level 6.2(9.3) Long Blades
 + Level 10.0 Ranged Weapons
 - Level 2.0 Throwing
 - Level 3.2 Dodging
 - Level 2.0 Stealth


You had 9 spell levels left.
You didn't know any spells.
Your spell library contained the following spells:

 Spells                   Type           Power      Damage    Failure   Level
 Apportation              Tloc           0%         N/A       47%         1
 Necrotise                Necr           0%         1d4       47%         1
 Sandblast                Erth           0%         2d4       47%         1
 Summon Small Mammal      Summ           0%         N/A       47%         1
 Passwall                 Tmut/Erth      0%         N/A       63%         2
 Ignite Poison            Fire/Tmut/Pois 0%         N/A       85%         3
 Stone Arrow              Conj/Erth      0%         3d7       85%         3
 Tukima's Dance           Hex            0%         N/A       85%         3
 Passage of Golubria      Tloc           0%         N/A       99%         4
 Sticky Flame             Conj/Fire      0%         2d3       99%         4
 Yara's Violent Unravell  Hex/Tmut       0%         3d3       100%        5
 Ignition                 Fire           0%         3d3       100%        8

Inventory:

Hand Weapons
 a - a +0 long sword
 b - a +2 short sword of venom (weapon)
   (You took it off a kobold on level 3 of the Dungeon)
 u - the +7 spear of the Omega Point {venom, rN+ Dex-3 Stlth+}
   (You found it on level 3 of the Dungeon)

   It poisons the flesh of those it strikes.
   Dex:       It affects your dexterity (-3).
   rN:        It protects you from negative energy.
   Stlth:     It makes you more stealthy.
 w - the +8 storm bow {elec, penet}
   (You found it on level 7 of the Dungeon)

   Any ammunition fired from it occasionally discharges a powerful burst of
   electricity upon striking a foe.
   Any ammunition fired by it passes through the targets it hits, potentially
   hitting all targets in its path until it reaches maximum range.
Missiles
 d - 3 throwing nets {=f!f}
 e - a javelin
 k - 13 boomerangs
 q - 66 stones (quivered)
 s - 28 poisoned darts
 L - 6 curare-tipped darts {=f}
Armour
 t - a +0 leather armour (worn)
 D - a +2 hat (worn)
   (You found it on level 5 of the Dungeon)
 E - a +2 cloak (worn)
   (You found it on level 5 of the Dungeon)
Magical Staves
 Q - a staff of air {!a}
   (You found it on level 9 of the Dungeon)
Jewellery
 N - a ring of positive energy (left hand)
   (You found it on level 3 of the Dungeon)
 O - a +4 ring of protection (right hand)
   (You took it off an orc on level 4 of the Dungeon)
Wands
 J - a wand of light (12)
   (You found it on level 7 of the Dungeon)
 P - a wand of charming (5)
   (You found it on level 9 of the Dungeon)
Scrolls
 c - a scroll of fear {unknown}
 g - 3 scrolls of enchant weapon {unknown}
 i - 4 scrolls of teleportation {unknown}
 j - 2 scrolls of blinking {unknown}
 l - 2 scrolls of vulnerability {unknown}
 m - 2 scrolls of fog {unknown}
 y - 4 scrolls of enchant armour
 B - a scroll of poison {unknown}
 C - a scroll of immolation {unknown}
 F - a scroll of noise {unknown}
 G - 3 scrolls of identify {unknown}
 I - a scroll of amnesia {unknown}
 K - 3 scrolls of brand weapon {unknown}
 R - a scroll of torment {unknown}
Potions
 f - 3 potions of flight {unknown}
 h - 6 potions of curing {@q1}
 n - 2 potions of berserk rage {unknown}
 o - 2 potions of attraction {unknown}
 p - 2 potions of heal wounds {unknown}
 r - 2 potions of might {unknown}
 v - a potion of haste {unknown}
 x - 3 potions of mutation {unknown}
 z - a potion of brilliance {unknown}
 A - a potion of lignification {unknown}
 H - a potion of magic {unknown}
 M - a potion of ambrosia {unknown}

Dungeon Overview and Level Annotations

Branches:
Dungeon (9/15)             Temple (1/1) D:6
   Lair: D:8-11         Orc: D:9-12

Altars:
Cheibriados
Dithmenos
Kikubaaqudgha
Nemelex Xobeh
Okawaru
Qazlal
Sif Muna
Uskayaw
Vehumet
Wu Jian
Xom
Yredelemnul
The Shining One

Shops:
D:3 (   D:4 *   D:8 (

Annotations:
D:9 Gastronok

#.....#+## .#.....+..# #### .##
.......#..# ...# #..##......#..#
...+ .....##...w#..##...#
...........#.......# .
#......#..'@w##..##
.######....)##.#..# ### ##+#
#.....###....##...# ..# ....
........##....##..#...# ....
....##....#...##..#...# ....
#.#..##...#......###..# .##.
......##..#....##.##..#######.##.
.......##..#...##................
....#..##..#...##........>.......


You could see Gastronok (swift, extremely poisoned).


Message History

You regained 14 hp, and now have 47/53 hp.
Your +2 short sword of venom stops dripping with poison.
You hear the crackle of electricity.
w - the +8 storm bow (weapon)
{elec, penet}
There is an open door here.
You see here a killer bee corpse.
R - a scroll labelled MEEJICV TEGAMM 😎 HP[+6]
Your hp is fully restored (53).
You reach down and open the door.
There is an open door here.
You reach down and open the door.
There is an open door here.
There is an open door here.
There is an open door here.
You reach down and open the door.
There is an open door here.
There is a stone staircase leading down here.
Gastronok the Ponderous comes into view.
He is wearing a +2 hat of stealth.
You shoot an arrow. The arrow pierces through Gastronok!
Gastronok gurgles horribly!
Gastronok mumbles some strange words.
Something unseen opens the door.
Fire: w) +8 storm bow {elec, penet}
Press: ? - help, Q - select action, (/) - cycle Shift-Dir - straight line, f/p - Gastronok
Aim: Gastronok, wearing a +2 hat of stealth (lightly wounded, 95% to hit)
You shoot an arrow. The arrow closely misses the river rat.
The arrow pierces through Gastronok!
Fire: w) +8 storm bow {elec, penet}
Press: ? - help, Q - select action, (/) - cycle Shift-Dir - straight line, f/p - Gastronok
Aim: Gastronok, wearing a +2 hat of stealth (lightly wounded, 95% to hit)
You shoot an arrow.
The arrow pierces through the river rat!
The arrow pierces through Gastronok!
Lightning courses through Gastronok! The river rat barely misses you.
You can now pass through a line of other dancers.
Fire: w) +8 storm bow {elec, penet}
Press: ? - help, Q - select action, (/) - cycle Shift-Dir - straight line, f/p - Gastronok
Aim: Gastronok, wearing a +2 hat of stealth (moderately wounded, 95% to hit)
You shoot an arrow.
The arrow pierces through the river rat!
You kill the river rat!
The river rat's corpse disappears in a puff of smoke!
The arrow pierces through Gastronok!
Gastronok looks at you and mumbles some strange words.
You feel yourself slow down.
Fire: w) +8 storm bow {elec, penet}
Press: ? - help, Q - select action, (/) - cycle Shift-Dir - straight line, f/p - Gastronok
Aim: Gastronok, wearing a +2 hat of stealth (moderately wounded, 95% to hit)
You shoot an arrow. The arrow pierces through Gastronok!
Gastronok mumbles some strange words.
Gastronok puts on a burst of speed!
Throw: 7 darts (curare) {=f}
Press: ? - help, Shift-Dir - straight line, f/p - Gastronok
Aim: Gastronok, wearing a +2 hat of stealth (heavily wounded, covering ground quickly, 94% to hit)
You throw a curare-tipped dart {=f}.
The curare-tipped dart {=f} hits Gastronok.
Gastronok is poisoned.
Gastronok convulses.
Gastronok seems to slow down.
You shoot an arrow. The arrow pierces through Gastronok.
Lightning courses through Gastronok!
Uskayaw will force your foes to helplessly watch your dance.
Uskayaw prepares the audience for your solo!
You shoot an arrow. The arrow pierces through Gastronok!
Gastronok is no longer paralysed.
The +8 storm bow {elec, penet} stops crackling.
Your +2 short sword of venom begins to drip with poison!
b - a +2 short sword of venom (weapon)
Gastronok bites you!! 😮 HP[-20]
You take 20 damage, and now have 33/53 hp.
MASSIVE DAMAGE!! (PAUSE)
Aiming: Line Pass
Press: ? - help, Dir - move target, p - Gastronok Gastronok appears confused.
Uskayaw will no longer force your foes to helplessly watch your dance.
Gastronok is no longer moving slowly.
Gastronok seems less confused. 😮 HP[+1] MP[-4]
You lost 4 mp, and now have 7/11 mp.
You hit Gastronok.
Gastronok looks even sicker.
You claw Gastronok, but do no damage. Gastronok misses you.
You hit Gastronok.
Gastronok looks as sick as possible!
You peck Gastronok, but do no damage. Gastronok attacks as you move away!
Gastronok bites you!!
* * * LOW HITPOINT WARNING * * *
😱 HP[-25]
You take 25 damage, and now have 9/53 hp.
MASSIVE DAMAGE!! (PAUSE)
Okay, then.
Unknown command.
Aiming: Line Pass
Press: ? - help, Dir - move target You can't walk through walls!
Aiming: Line Pass
Press: ? - help, Dir - move target
Okay, then.
Unknown command.
Okay, then.
It was a potion of curing.
You feel better. Gastronok bites you!!
You die...

Skill      XL: |  1  2  3  4  5  6  7  8  9 10 |
---------------+-------------------------------+-----
Long Blades    | 4 5 6 |  6.2
Short Blades   | 2 5 8 10 | 10.6
Stealth        | 1 2 |  2.0
Ranged Weapons | 8 10 | 10.0
Fighting       | |  2.0
Throwing       | |  2.0
Dodging        | |  3.2

Action                   |  1- 3 |  4- 6 |  7- 9 | 10-12 || total
-------------------------+-------+-------+-------+-------++-------
Melee: Long sword        |    81 |    45 |     5 |       ||   131
       Kick              |    27 |    39 |    25 |     2 ||    93
       Peck              |    10 |    20 |    18 |     1 ||    49
       Short sword       |       |    88 |    69 |     8 ||   165
       Spear             |       |       |    14 |       ||    14
       Punch             |       |       |     3 |       ||     3
 Fire: Longbow           |       |       |    73 |    44 ||   117
Throw: Stone             |     1 |     3 |     8 |       ||    12
       Javelin           |       |     1 |       |       ||     1
       Dart              |       |     1 |     5 |     1 ||     7
       Throwing net      |       |     1 |       |       ||     1
Invok: Line Pass         |       |     1 |     5 |     1 ||     7
  Use: Scroll            |       |       |     2 |       ||     2
       Potion            |       |       |       |     1 ||     1
 Stab: Sleeping          |     3 |     6 |     1 |       ||    10
       Confused          |       |     1 |       |       ||     1
       Held in net/web   |       |     1 |       |       ||     1
       Paralysed         |       |     1 |       |       ||     1
Armor: Leather armour    |    20 |    17 |    28 |     3 ||    68
Dodge: Dodged            |    47 |    55 |    72 |    21 ||   195

Levels and vault maps discovered:
D:1:      dpeg_arrival_short_road, layout_basic, dreamdust_wishing_well,
          kennysheep_boxes
D:2:      layout_basic, minmay_misc_feat_iff
D:3:      layout_rooms, nicolae_overflow_hallway_of_the_gods, serial_shops,
          nicolae_shop_window_shopping, moated_statue
D:4:      layout_basic, nicolae_stop_n_shop_1, roderic_batcave,
          grunt_ministairs_4, serial_bayou_pond_b
D:5:      layout_loops_ring, mainiacjoe_overflow_small_starburst
D:6:      layout_rooms, cheibrodos_worm_habitat, kennysheep_mini_moat,
          minmay_temple_entry_crystal_x, uniq_edmund, uniq_pikel
D:7:      layout_cave_pools, minmay_tree_intersection, nrook_campfire
D:8:      layout_loops_ring, general_overflow_altar, serial_shops,
          nicolae_inconvenience_store, nicolae_underground_beach,
          uniq_prince_ribbit1
D:9:      hellmonk_ruined_rings, layout_gridville, uniq_maggie, uniq_gastronok
Temple:   hellmonk_temple_flake

Notes
Turn   | Place    | Note
-------+----------+-------------------------------------------
     0 | D:1      | PigKeeper the Tengu Gladiator began the quest for the Orb.
     0 | D:1      | Reached XP level 1. HP: 12/12 MP: 2/2
   118 | D:1      | Reached XP level 2. HP: 12/17 MP: 3/3
   133 | D:1      | Reached skill level 4 in Long Blades
   340 | D:1      | You pick up a book of Cantrips and begin reading...
   340 | D:1      | You add the spells Necrotise, Summon Small Mammal and
                  | Apportation to your library.
   377 | D:1      | Reached XP level 3. HP: 21/21 MP: 4/4
   899 | D:2      | Reached skill level 5 in Long Blades
  1098 | D:2      | Reached XP level 4. HP: 26/26 MP: 5/5
  1189 | D:2      | You pick up a book of Geomancy and begin reading...
  1189 | D:2      | You add the spells Sandblast, Passwall and Stone Arrow to
                  | your library.
  1680 | D:3      | Reached skill level 6 in Long Blades
  1680 | D:3      | Gained mutation: Your magical nature lets you fly swiftly
                  | and evasively. [Tengu growth]
  1680 | D:3      | Reached XP level 5. HP: 14/30 MP: 6/6
  1761 | D:3      | Found a hide-covered altar of Uskayaw.
  1761 | D:3      | Found a radiant altar of Vehumet.
  1770 | D:3      | Found a shimmering blue altar of Sif Muna.
  1772 | D:3      | Found an ornate altar of the Wu Jian Council.
  1774 | D:3      | Found a stormy altar of Qazlal.
  1777 | D:3      | Found a sparkling altar of Nemelex Xobeh.
  1780 | D:3      | Found a shadowy altar of Dithmenos.
  1796 | D:3      | Became a worshipper of Uskayaw the Reveller
  1919 | D:3      | Reached * piety under Uskayaw
  1955 | D:3      | You are sucked into a shaft and drop 1 floor!
  2044 | D:4      | Found Vihupoep's Assorted Antiques.
  2171 | D:3      | Found Heugaypha's Weapon Emporium.
  2188 | D:3      | Identified the +7 spear of the Omega Point {venom, rN+
                  | Dex-3 Stlth+}
  2270 | D:4      | Reached skill level 1 in Short Blades
  2366 | D:4      | Reached ** piety under Uskayaw
  2367 | D:4      | Reached skill level 1 in Stealth
  2475 | D:4      | Reached skill level 2 in Short Blades
  2484 | D:4      | Reached *** piety under Uskayaw
  2485 | D:4      | Reached XP level 6. HP: 33/35 MP: 7/7
  2486 | D:4      | Reached skill level 2 in Stealth
  2667 | D:4      | Reached skill level 3 in Short Blades
  2921 | D:5      | Entered Level 5 of the Dungeon
  2986 | D:5      | Noticed an ice beast
  3037 | D:5      | Found an ancient bone altar of Kikubaaqudgha.
  3085 | D:5      | Noticed an orc warrior
  3107 | D:5      | Reached skill level 4 in Short Blades
  3112 | D:5      | Killed an orc warrior
  3113 | D:5      | Reached skill level 5 in Short Blades
  3113 | D:5      | Reached XP level 7. HP: 40/40 MP: 3/8
  3913 | D:6      | Noticed Pikel
  3939 | D:5      | Killed Pikel
  3940 | D:5      | Reached skill level 8 in Short Blades
  3940 | D:5      | Reached XP level 8. HP: 28/44 MP: 9/9
  4053 | D:6      | Reached skill level 9 in Short Blades
  4071 | D:6      | You add the spells Tukima's Dance, Passage of Golubria and
                  | Yara's Violent Unravelling to your library.
  4074 | D:6      | Noticed a wraith
  4090 | D:6      | Found a glowing golden altar of the Shining One.
  4143 | D:6      | Found a snail-covered altar of Cheibriados.
  4430 | D:6      | Reached skill level 10 in Short Blades
  4435 | D:6      | Noticed Edmund
  4481 | D:6      | Killed Edmund
  4612 | D:6      | Reached XP level 9. HP: 48/48 MP: 5/10
  4649 | D:6      | Found a staircase to the Ecumenical Temple.
  4886 | D:7      | Found the +8 storm bow {elec, penet}
  4917 | D:7      | Reached skill level 1 in Ranged Weapons
  4924 | D:7      | Reached skill level 2 in Ranged Weapons
  5122 | D:7      | Reached skill level 3 in Ranged Weapons
  5203 | D:7      | Reached skill level 4 in Ranged Weapons
  5548 | D:6      | Reached skill level 5 in Ranged Weapons
  5596 | Temple   | Entered the Ecumenical Temple
  5751 | D:8      | Reached skill level 6 in Ranged Weapons
  5813 | D:8      | Noticed a hornet
  5816 | D:8      | Killed a hornet
  5817 | D:8      | Reached skill level 7 in Ranged Weapons
  5884 | D:8      | Noticed a hornet
  5889 | D:8      | Killed a hornet
  5891 | D:8      | Reached skill level 8 in Ranged Weapons
  5968 | D:8      | Found a shimmering altar of Xom.
  5986 | D:8      | Reached **** piety under Uskayaw
  5990 | D:8      | Reached ***** piety under Uskayaw
  5992 | D:8      | Reached XP level 10. HP: 53/53 MP: 11/11
  6107 | D:8      | Reached skill level 9 in Ranged Weapons
  6298 | D:8      | Found Haneg's Weapon Emporium.
  6299 | D:8      | Noticed Prince Ribbit
  6301 | D:8      | Killed Prince Ribbit
  6513 | D:8      | Bought 6 curare-tipped darts for 54 gold pieces
  6654 | D:9      | You add the spells Ignite Poison, Sticky Flame and Ignition
                  | to your library.
  6827 | D:9      | Reached skill level 10 in Ranged Weapons
  6979 | D:9      | Noticed Gastronok
  7000 | D:9      | HP: 9/53 [Gastronok (25)]
  7001 | D:9      | Mangled by Gastronok

Vanquished Creatures
  Pikel (D:5)
  2 hornets (D:8)
  Prince Ribbit (D:8)
  A wraith (D:6)
  A wyvern (D:8)
  Edmund (D:6)
  A water moccasin (D:6)
  An ice beast (D:5)
  2 orc warriors
  2 black bears
  A sky beast (D:7)
  A phantom (D:7)
  3 kobold brigands
  A necrophage (D:6)
  3 scorpions
  5 wights (D:8)
  An electric eel (D:8)
  8 killer bees
  A howler monkey (D:7)
  3 hounds
  3 jellies
  5 orc priests
  2 iguanas
  An orc wizard (D:6)
  9 adders
  2 white imps (D:7)
  5 worms
  2 dart slugs
  28 orcs
  7 ball pythons
  8 bats
  An endoplasm (D:2)
  7 giant cockroaches
  9 goblins
  7 hobgoblins
  10 jackals
  7 quokkas
  2 frilled lizards (D:2)
  15 kobolds
  2 rats (D:1)
172 creatures vanquished.

Table legend:
 A = Non-vault XP
 B = Vault XP
 C = Vault XP percentage of total XP
 D = Non-vault monster count
 E = Vault monster count
 F = Vault count percentage of total count
                 A         B        C        D         E       F
            +---------+---------+-------+---------+---------+-------
      Total |    4542 |    1123 |  19.8 |     157 |      15 |   8.7
            +---------+---------+-------+---------+---------+-------
        D:1 |      42 |       0 |   0.0 |      23 |       0 |   0.0
        D:2 |      85 |       0 |   0.0 |      21 |       0 |   0.0
        D:3 |      67 |       0 |   0.0 |      14 |       0 |   0.0
        D:4 |     181 |      42 |  18.8 |      17 |      11 |  39.3
        D:5 |     384 |     651 |  62.9 |      12 |       1 |   7.7
        D:6 |     987 |     171 |  14.8 |      19 |       2 |   9.5
        D:7 |     558 |       0 |   0.0 |      20 |       0 |   0.0
        D:8 |    2048 |     259 |  11.2 |      28 |       1 |   3.4
        D:9 |     190 |       0 |   0.0 |       3 |       0 |   0.0
            +---------+---------+-------+---------+---------+-------

Illustrated notes

Table legend:
 A = Kills in this place as a percentage of kills in entire the game.
 B = Kills by you in this place as a percentage of kills by you in the entire game.
 C = Kills by friends in this place as a percentage of kills by friends in the entire game.
 D = Other kills in this place as a percentage of other kills in the entire game.
 E = Experience gained in this place as a percentage of experience gained in the entire game.
 F = Experience gained in this place divided by the number of levels of this place that you have seen.
                   A       B       C       D       E      F
               +-------+-------+-------+-------+-------+----------------------
         Total | 100.0 | 100.0 |   N/A |   N/A | 100.0 | 566.5
       Dungeon | 100.0 | 100.0 |   N/A |   N/A | 100.0 | 629.4
               +-------+-------+-------+-------+-------+----------------------

Table legend: (Time is in decaauts)
 A = Elapsed time spent in this place.
 B = Non-inter-level travel time spent in this place.
 C = Inter-level travel time spent in this place.
 D = Time resting spent in this place.
 E = Time spent auto-exploring this place.
 F = Levels seen in this place.
 G = Mean time per level.
                   A        B        C        D        E       F      G
               +--------+--------+--------+--------+--------+-----+--------+
         Total |   6624 |   6430 |    194 |    204 |   4862 |  10 |  662.4 |
       Dungeon |   6617 |   6426 |    191 |    204 |   4860 |   9 |  735.2 |
        Temple |      7 |      5 |      2 |      0 |      1 |   1 |    7.0 |
               +--------+--------+--------+--------+--------+-----+--------+

Top non-repeatable levels by time:
     D:5: 955 daAuts
     D:6: 909 daAuts
     D:1: 888 daAuts
     D:8: 866 daAuts
     D:2: 791 daAuts
     D:4: 682 daAuts
     D:7: 630 daAuts
     D:3: 481 daAuts
     D:9: 412 daAuts
  Temple: 7 daAuts
